 Dungeon Crawl Stone Soup version 0.23.2-33-g5129a83184 (webtiles) character file.

Game seed: 8031079517025580165

2897 DorianNounverber the Geomancer (level 9, -10/52 HPs)
             Began as a Gargoyle Earth Elementalist on July 13, 2019.
             Mangled by ciekibolek's ghost (12 damage)
             ... on level 6 of the Dungeon.
             The game lasted 00:30:59 (9210 turns).

DorianNounverber the Geomancer (GrEE)               Turns: 9210, Time: 00:31:00

Health: -10/52     AC: 10    Str: 13      XL:     9   Next: 77%
Magic:  1/17       EV: 19    Int: 18      God:
Gold:   49         SH:  0    Dex:  8 (10) Spells: 4/19 levels left

rFire    . . .     SeeInvis .   G - +2 whip (freeze)
rCold    . . .     Gourm    .   (no shield)
rNeg     + . .     Faith    .   H - +0 robe
rPois    ∞         Spirit   .   v - +0 helmet
rElec    +         Reflect  .   f - +0 cloak
rCorr    .         Harm     .   (no gloves)
MR       .....                  (no boots)
Stlth    ++........             (no amulet)
HPRegen  0.17/turn              j - +6 ring of evasion
MPRegen  0.15/turn              (no ring)

@: no status effects
A: negative energy resistance 1, electricity resistance, unbreathing,
petrification resistance, rot immunity, AC +6
a: no special abilities


You were on level 6 of the Dungeon.
You were not hungry.

You visited 1 branch of the dungeon, and saw 6 of its levels.

You collected 237 gold pieces.
You spent 188 gold pieces at shops.

Inventory:

Hand Weapons
 a - a +0 club
 d - a +0 whip
 k - a +2 dagger of draining
 u - a +2 dagger of freezing
 w - a -1 quarterstaff
 G - a +2 whip of freezing (weapon)
Missiles
 b - 62 stones (quivered)
 E - 8 tomahawks
Armour
 c - a +0 robe
 f - a +0 cloak (worn)
 h - a +0 scale mail of fire resistance
 r - a +0 helmet
 v - a +0 helmet (worn)
 H - a +0 robe (worn)
Magical Staves
 D - an uncursed staff of poison
Jewellery
 j - a +6 ring of evasion (left hand)
Wands
 y - a wand of paralysis (5)
Scrolls
 g - 3 scrolls of magic mapping
 i - a scroll of identify
 l - a scroll of immolation {unknown}
 o - a scroll of noise {unknown}
 q - 3 scrolls of teleportation
 s - 2 scrolls of fog
 t - 4 scrolls of remove curse
 C - a scroll of random uselessness {unknown}
 F - a scroll of enchant armour
Potions
 e - 7 potions of curing
 m - a potion of flight
 n - a potion of experience {unknown}
 p - 3 potions of agility
 z - a potion of lignification {unknown}
 A - a potion of mutation {unknown}
 B - a potion of heal wounds {unknown}
Comestibles
 x - 2 rations


   Skills:
 + Level 4.4 Fighting
 + Level 4.0 Maces & Flails
 + Level 4.0 Dodging
 - Level 2.1 Stealth
 * Level 5.9 Spellcasting
 + Level 4.3 Conjurations
 + Level 3.3 Transmutations
 * Level 8.3 Earth Magic
 + Level 1.6 Evocations


You had 4 spell levels left.
You knew the following spells:

 Your Spells              Type           Power        Failure   Level  Hunger
a - Sandblast             Erth           #####.       1%          1    None
b - Stone Arrow           Conj/Erth      ####..       2%          3    ##.....
c - Petrify               Tmut/Erth      ####....     11%         4    ####...
d - Lee's Rapid Deconstr  Erth           #####.....   11%         5    #####..
e - Passwall              Tmut/Erth      ####....     1%          2    None

Your spell library contained the following spells:

 Spells                   Type           Power        Failure   Level  Hunger
 Animate Skeleton         Necr           N/A          12%         1    None
 Apportation              Tloc           #.....       12%         1    None
 Confusing Touch          Hex            #.....       12%         1    None
 Corona                   Hex            #......      12%         1    None
 Summon Small Mammal      Summ           #...         12%         1    None
 Slow                     Hex            #.......     19%         2    None
 Leda's Liquefaction      Hex/Erth       ###.......   22%         4    ####...
 Inner Flame              Hex/Fire       #.......     36%         3    ##.....
 Portal Projectile        Hex/Tloc       #.....       36%         3    ##.....
 Cause Fear               Hex            #.........   77%         4    ####...


Dungeon Overview and Level Annotations

Branches:
Dungeon (6/15)
 Temple: D:4-7

Altars:
Ashenzari
Dithmenos
Elyvilon
Fedhas
Hepliaklqana
Kikubaaqudgha
Makhleb
Xom
The Shining One

Shops:
D:6 *?%:

Annotations:
D:4 Edmund
D:6 1 transporter, ciekibolek's ghost, novice DrBe


Innate Abilities, Weirdness & Mutations

You are resistant to torment.
Your stone body is resilient. (AC +6)
You are immune to poison.
You resist negative energy. (rN+)
You are resistant to electric shocks. (rElec)
You can survive without breathing.
You are immune to petrification.
You are immune to rotting.


Message History

The quasit misses you. The quasit barely misses you.
The quasit closely misses you.
You miss the quasit. Ciekibolek's ghost hits you.
* * * LOW HITPOINT WARNING * * *
The quasit closely misses you.
The quasit claws you but does no damage.
The quasit closely misses you.
You hit the quasit.
The quasit is moderately wounded.
Ciekibolek's ghost hits you but does no damage.
The quasit barely misses you. The quasit claws you.
* * * LOW HITPOINT WARNING * * *
The quasit completely misses you.
You hit the quasit.
The quasit is heavily wounded.
The quasit barely misses you. x2
The quasit claws you but does no damage.
Ciekibolek's ghost wails.
Ciekibolek's ghost hits you!
You die...

....#.####.....##.# #.#
.##.#.# ##...###.# #.#
.##.#.#####...###.###.#
......................# ###
###.#.#####...###..#### #.#
..(.#.........###...#####
#..
#####...................##
#.. ######.....####©###..##
##.
#######.##.#####@.###.##..#
#.
...........#...5#W.....##.#
####
#####.....##...#...#....#.#
#..#
##........#......#..##..#.##
#...
##.##.....#©.##..©..#...#..#
#...
##.###....#.....#.....#.##.#
#...
##.###..#.##.##..=###....#.#
#.#.
.......##..#....$$?..#[.##.#
#... ........##.##..#####
.###..######


You could see a quasit and ciekibolek's ghost.

Vanquished Creatures
  Pikel (D:5)
  Prince Ribbit (D:5)
  Sigmund (D:5)
  Menkaure (D:5)
  A hornet zombie (D:6)
  A black bear (D:6)
  A sky beast (D:6)
  An ice beast (D:6)
  2 slaves (D:6)
  An ogre (D:4)
  A centaur (D:6)
  A phantom (D:5)
  A big kobold (D:5)
  Blork the orc (D:6)
  2 bullfrogs (D:6)
  2 scorpions
  2 howler monkeys (D:6)
  A crimson imp (D:5)
  2 quasits (D:6)
  A bullfrog zombie (D:6)
  2 jellies (D:6)
  2 orc priests
  A centaur skeleton (D:6)
  2 hounds (D:5)
  Terence (D:3)
  3 orc wizards
  Ijyb (D:5)
  3 worker ants
  A killer bee zombie (D:6)
  A mummy (D:5)
  Robin (D:3)
  A gnoll (D:1)
  13 adders
  2 shadow imps
  An ooze (D:3)
  An adder zombie (D:6)
  3 dart slugs
  A leopard gecko (D:1)
  14 orcs
  7 giant cockroaches
  11 hobgoblins
  3 jackals (D:3)
  28 kobolds
  A quokka (D:2)
  2 ball pythons (D:4)
  13 bats
  7 frilled lizards
  18 goblins
  2 hobgoblin zombies (D:5)
  A kobold zombie (D:5)
  An orc zombie (D:5)
  4 rats
  2 plants (D:5)
179 creatures vanquished.

Notes
Turn   | Place    | Note
-------+----------+-------------------------------------------
     0 | D:1      | DorianNounverber the Gargoyle Earth Elementalist began the
                  | quest for the Orb.
     0 | D:1      | Reached XP level 1. HP: 10/10 MP: 3/3
   188 | D:1      | Reached XP level 2. HP: 5/16 MP: 0/5
   489 | D:1      | Reached skill level 4 in Earth Magic
   803 | D:1      | Reached XP level 3. HP: 19/20 MP: 6/6
  1023 | D:1      | Reached skill level 1 in Fighting
  1645 | D:1      | Learned a level 3 spell: Stone Arrow
  1675 | D:2      | Reached XP level 4. HP: 25/25 MP: 4/8
  2030 | D:2      | Found a glowing golden altar of the Shining One.
  2215 | D:2      | Reached skill level 1 in Maces & Flails
  2300 | D:2      | Learned a level 4 spell: Petrify
  2384 | D:2      | Found a hazy altar of Hepliaklqana.
  2809 | D:3      | Noticed Terence
  2819 | D:3      | Reached XP level 5. HP: 28/29 MP: 9/9
  2995 | D:3      | Killed Terence
  2995 | D:3      | Reached skill level 1 in Conjurations
  2995 | D:3      | Reached skill level 1 in Transmutations
  3283 | D:3      | Found an ancient bone altar of Kikubaaqudgha.
  3284 | D:3      | Found a shadowy altar of Dithmenos.
  3284 | D:3      | Found a blossoming altar of Fedhas.
  3323 | D:3      | Noticed Robin
  3347 | D:3      | Reached skill level 5 in Earth Magic
  3351 | D:3      | Killed Robin
  4067 | D:4      | Noticed Edmund
  4332 | D:4      | Reached XP level 6. HP: 35/35 MP: 10/10
  4673 | D:4      | Identified the +5 dagger of Instinct {freeze, rN+ Int+2}
  4791 | D:5      | Entered Level 5 of the Dungeon
  4791 | D:5      | Noticed Menkaure
  4793 | D:5      | Reached XP level 7. HP: 40/40 MP: 9/12
  4800 | D:5      | Killed Menkaure
  4941 | D:5      | Reached skill level 6 in Earth Magic
  5189 | D:5      | Learned a level 5 spell: Lee's Rapid Deconstruction
  5607 | D:5      | Noticed Sigmund
  5613 | D:5      | Killed Sigmund
  5613 | D:5      | Reached XP level 8. HP: 46/46 MP: 10/14
  5648 | D:5      | Found a shimmering altar of Xom.
  5653 | D:5      | Noticed Prince Ribbit
  5798 | D:5      | Noticed Ijyb
  5825 | D:5      | Killed Ijyb
  7072 | D:5      | Learned a level 2 spell: Passwall
  7098 | D:5      | Killed Prince Ribbit
  7098 | D:5      | Reached skill level 7 in Earth Magic
  7339 | D:6      | Reached skill level 5 in Spellcasting
  7476 | D:6      | Reached XP level 9. HP: 52/52 MP: 10/16
  7766 | D:6      | Found a transporter.
  7770 | D:6      | Noticed ciekibolek's ghost (novice DrBe)
  7784 | D:6      | Found a transporter.
  7815 | D:6      | Found a shattered altar of Ashenzari.
  7860 | D:6      | Found Paneh's Magic Scroll Shop.
  7909 | D:6      | Bought a scroll of identify for 26 gold pieces
  7909 | D:6      | Bought a scroll of enchant armour for 97 gold pieces
  7909 | D:6      | Bought a scroll of identify for 26 gold pieces
  7909 | D:6      | Bought a scroll of teleportation for 39 gold pieces
  8096 | D:6      | Found Ecu Leth's Book Emporium.
  8164 | D:6      | Found a white marble altar of Elyvilon.
  8224 | D:6      | Reached skill level 1 in Evocations
  8602 | D:6      | Noticed Pikel
  8664 | D:6      | Found a burning altar of Makhleb.
  8755 | D:5      | Killed Pikel
  8755 | D:5      | Reached skill level 8 in Earth Magic
  8932 | D:6      | Found Nuterch's Food Emporium.
  9022 | D:6      | Noticed Blork the orc
  9026 | D:6      | Killed Blork the orc
  9052 | D:6      | Found Uvyl Exi's Assorted Antiques.
  9209 | D:6      | HP: 2/52 [quasit (1)]
  9210 | D:6      | Mangled by ciekibolek's ghost

Skill      XL: |  1  2  3  4  5  6  7  8  9 |
---------------+----------------------------+-----
Earth Magic    | 4 5 6 7 8 |  8.3
Fighting       | 1 2 3 4 |  4.4
Dodging        | 2 3 4 |  4.0
Maces & Flails | 1 2 3 4 |  4.0
Spellcasting   | 3 4 5 |  5.9
Conjurations   | 1 2 3 4 |  4.3
Transmutations | 1 2 3 |  3.3
Evocations     | 1 |  1.6
Stealth        | |  2.1

Action                   |  1- 3 |  4- 6 |  7- 9 || total
-------------------------+-------+-------+-------++-------
Melee: Club              |    92 |       |       ||    92
       Whip              |       |    50 |     8 ||    58
       Dagger            |       |    83 |   374 ||   457
 Cast: Sandblast         |    21 |    49 |   117 ||   187
       Stone Arrow       |       |     8 |    29 ||    37
       Petrify           |       |     1 |       ||     1
       Passwall          |       |       |     9 ||     9
       Lee's Rapid Decon |       |       |     1 ||     1
  Use: Potion            |       |     1 |       ||     1
       Scroll            |       |       |     5 ||     5
 Stab: Sleeping          |     3 |     3 |     1 ||     7
  Eat: Chunk             |     2 |     5 |     4 ||    11
       Ration            |     1 |     1 |     4 ||     6
Armor: Robe              |    37 |    39 |    79 ||   155
Dodge: Dodged            |    77 |   130 |   294 ||   501
